 Dungeon Crawl Stone Soup version 0.29-a0-1016-g236c7fd91e (webtiles) character file.

Game seed: 10526612752160035085

76 IdlyInterested the Chopper (level 4, -2/37 HPs)
             Began as a Minotaur Gladiator on Aug 9, 2022.
             Succumbed to a sickly merfolk siren's poison
             ... in a sewer.
             The game lasted 00:03:51 (1406 turns).

IdlyInterested the Chopper (Minotaur Gladiator)     Turns: 1406, Time: 00:03:51

Health: -2/37      AC:  3    Str: 18    XL:     4   Next: 12%
Magic:  1/3        EV: 13    Int:  5    God:
Gold:   34         SH:  0    Dex: 14    Spells: 3/3 levels left

rFire   . . .      SeeInvis .   a - +0 war axe
rCold   . . .      Faith    .   (no shield)
rNeg    . . .      Spirit   +   b - +0 leather armour
rPois   .          Reflect  .   c - +0 hat
rElec   .          Harm     .   (no cloak)
rCorr   .          Rampage  .   (no gloves)
Will    .....                   (no boots)
Stlth   +.........              g - amulet of guardian spirit
HPRegen 0.12/turn               (no ring)
MPRegen 0.08/turn               (no ring)

@: lethally poisoned (-2 -> -19), mesmerised, very slow
A: horns 2, retaliatory headbutt
a: no special abilities


You were in a sewer.
You visited 1 branch of the dungeon, and saw 3 of its levels.
You also visited: Sewer.

You collected 34 gold pieces.

Inventory:

Hand Weapons
 a - a +0 war axe (weapon)
Missiles
 d - 3 throwing nets (quivered)
 e - a javelin
Armour
 b - a +0 leather armour (worn)
 c - a +0 hat (worn)
Jewellery
 g - an amulet of guardian spirit (around neck)
Scrolls
 f - 3 scrolls of identify


   Skills:
 + Level 2.8 Fighting
 * Level 4.9 Axes
 - Level 2.0 Throwing
 * Level 4.4 Dodging


You had 3 spell levels left.
You didn't know any spells.
Your spell library contained the following spells:

 Spells                   Type           Power      Damage    Failure   Level
 Fireball                 Conj/Fire      0%         3d3       100%        5
 Iskenderun's Battlesphe  Conj           0%         2d6       100%        5
 Conjure Ball Lightning   Conj/Air       0%         3x3d6     100%        6
 Orb of Destruction       Conj           0%         9d5       100%        7


Dungeon Overview and Level Annotations

Branches:
Dungeon (4/15)              Sewer (1/1)
 Temple: D:4-7

Altars:


Innate Abilities, Weirdness & Mutations

You have a pair of horns on your head.
You reflexively headbutt those who attack you in melee.


Message History

You furiously retaliate!
You headbutt the quokka!
You kill the quokka!
You have reached level 4!
You feel agile.
You slash the rat!
You kill the rat!
You hit the quokka.
You kill the quokka!
You feel sick.
The sickly merfolk siren chants its luring song.
You hit the rat.
You kill the rat!
You feel sick.
The sickly merfolk siren chants its luring song.
Found 16 gold pieces.
You feel sick.
You are no longer poisoned.
The sickly merfolk siren chants its luring song.
Things that are here:
a quokka corpse; an adder corpse; a rat corpse The sickly merfolk siren chants its luring song.
The sickly merfolk siren hits you from afar with a +0 spear of venom!
You are lethally poisoned!
You enter the shallow water.
Moving in this stuff is going to be slow.
Found 4 potions of flight.
* * * LOW HITPOINT WARNING * * *
You feel extremely sick.
The sickly merfolk siren chants its luring song.
You aren't carrying any potions.
Your unstable footing causes you to fumble your attack.
* * * LOW HITPOINT WARNING * * *
You feel very sick.
The sickly merfolk siren chants its luring song.
The rat closely misses you.
You barely miss the sickly merfolk siren.
You headbutt the sickly merfolk siren.
The sickly merfolk siren is lightly wounded.
You hit the rat.
You kill the rat!
You die...

######
##~...###
#~~~~...##
#~~~...#######
#~≈@~~†......#
#≈≈m~~†~~~##.#
####~###≈≈≈#.#
..~.
###≈~~#######
#$$$..!
#≈≈~~~~~~~†
########
##########≈
#### #∩∩~ ###~


You could see a sickly merfolk siren (mesmerising).

Vanquished Creatures
  3 adders
  A river rat (Sewer)
  A bat (D:1)
  2 endoplasms (D:1)
  A giant cockroach (Sewer)
  3 goblins (D:1)
  6 hobgoblins (D:1)
  A jackal (D:4)
  2 kobolds (D:1)
  3 quokkas
  2 ball pythons
  2 frilled lizards (Sewer)
  15 rats
42 creatures vanquished.

Notes
Turn   | Place    | Note
-------+----------+-------------------------------------------
     0 | D:1      | IdlyInterested the Minotaur Gladiator began the quest for
                  | the Orb.
     0 | D:1      | Reached XP level 1. HP: 18/18 MP: 0/0
   259 | D:1      | Reached XP level 2. HP: 22/22 MP: 1/1
  1014 | D:2      | Reached XP level 3. HP: 26/30 MP: 2/2
  1159 | D:2      | You fall into a shaft and drop 2 floors!
  1178 | D:4      | Found a glowing drain.
  1203 | Sewer    | Entered a sewer
  1394 | Sewer    | Noticed a sickly merfolk siren
  1399 | Sewer    | Reached XP level 4. HP: 33/37 MP: 3/3
  1406 | Sewer    | Succumbed to a sickly merfolk siren's poison

Illustrated notes

Levels and vault maps discovered:
D:1:      co_arrival_hall_of_pillars, layout_basic, serial_park_tiny_pond
D:2:      layout_loops_ring, basic_altar, dreamdust_ecumenical_altar_statues,
          grunt_decor_resistance
D:4:      layout_cave_pools, slow_altar_1, portal_sewer_entry_d
Sewer:    sewer_sea

Skill      XL: |  1  2 |
---------------+-------+-----
Axes           | 4 |  4.9
Dodging        | 4 |  4.4
Fighting       | |  2.8
Throwing       | |  2.0

Action                   |  1- 3 |  4- 6 || total
-------------------------+-------+-------++-------
Melee: War axe           |    70 |     4 ||    74
       Headbutt          |     5 |     1 ||     6
       Punch             |     1 |       ||     1
  Use: Scroll            |     2 |       ||     2
Armor: Leather armour    |    17 |       ||    17
Dodge: Dodged            |    55 |     1 ||    56

Table legend: (Time is in decaauts)
 A = Elapsed time spent in this place.
 B = Non-inter-level travel time spent in this place.
 C = Inter-level travel time spent in this place.
 D = Time resting spent in this place.
 E = Time spent auto-exploring this place.
 F = Levels seen in this place.
 G = Mean time per level.
                   A        B        C        D        E       F      G
               +--------+--------+--------+--------+--------+-----+--------+
         Total |   1444 |   1390 |     54 |    125 |    943 |   4 |  361.0 |
       Dungeon |   1222 |   1168 |     54 |      6 |    943 |   3 |  407.3 |
         Sewer |    221 |    221 |      0 |    119 |      0 |   1 |  221.0 |
               +--------+--------+--------+--------+--------+-----+--------+

Top non-repeatable levels by time:
     D:1: 1019 daAuts
   Sewer: 221 daAuts
     D:2: 152 daAuts
     D:4: 51 daAuts
